 Dungeon Crawl Stone Soup version 0.20.1-1-g8b1a95d (webtiles) character file.

32 Monsterracer the Magician (level 3, -2/24 HPs)
             Began as a Mummy Wizard on Aug 18, 2017.
             Slain by an adder (3 damage)
             ... on level 1 of the Dungeon.
             The game lasted 00:04:54 (1304 turns).

Monsterracer the Magician (Mummy Wizard)            Turns: 1304, Time: 00:04:55

Health: -2/24      AC:  2    Str: 10    XL:     3   Next: 8%
Magic:  0/8        EV: 12    Int: 18    God:
Gold:   20         SH:  0    Dex: 10    Spells: 2/10 levels left

rFire    x . .     SeeInvis .   g - +0 dagger
rCold    + . .     Gourm    .   (no shield)
rNeg     + + +     Faith    .   a - +0 robe
rPois    ∞         Spirit   .   b - +0 hat
rElec    .         Reflect  .   (no cloak)
rCorr    .         Harm     .   (no gloves)
MR       .....                  (no boots)
Stlth    ++........             (no amulet)
Regen    0.1/turn               (no ring)
MPRegen  0.2/turn               (no ring)

@: no status effects
A: no food or potions, fire vulnerability, cold resistance 1, negative energy
resistance 3, torment resistance, unbreathing
a: no special abilities


You were on level 1 of the Dungeon.
You were not hungry.

You visited 1 branch of the dungeon, and saw 2 of its levels.

You collected 20 gold pieces.

Inventory:

Hand Weapons
 g - a +0 dagger (weapon)
Armour
 a - a +0 robe (worn)
 b - a +0 hat (worn)
Scrolls
 d - a scroll of fog {unknown}
 e - a scroll of remove curse {unknown}
Books
 c - a book of Minor Magic

   Spells                             Type                      Level
   a - Magic Dart                     Conjuration                  1
   b - Blink                          Translocation                2
   c - Call Imp                       Summoning                    2
   d - Slow                           Hexes                        2
   e - Conjure Flame                  Conjuration/Fire             3
   f - Mephitic Cloud                 Conjuration/Poison/Air       3


   Skills:
 - Level 1.5 Dodging
 - Level 1.5 Stealth
 - Level 4.0 Spellcasting
 + Level 2.5 Conjurations
 - Level 0.7 Summonings
 - Level 0.7 Translocations


You had 2 spell levels left.
You knew the following spells:

 Your Spells              Type           Power        Failure   Level  Hunger
a - Magic Dart            Conj           ##..         5%          1    N/A
b - Conjure Flame         Conj/Fire      #.......     26%         3    N/A
e - Blink                 Tloc           N/A          17%         2    N/A
f - Call Imp              Summ           #.......     17%         2    N/A

Dungeon Overview and Level Annotations

Branches:
Dungeon (2/15)

Altars:


Innate Abilities, Weirdness & Mutations

You do not eat or drink.
Your flesh is vulnerable to fire.
You are immune to poison.
Your flesh is cold resistant. (rC+)
You are immune to negative energy. (rN+++)
You are immune to unholy pain and torment.
You can survive without breathing.


Message History

The adder closely misses you.
There is a stone staircase leading up here.
The adder misses you. The adder bites you but does no damage.
You climb upwards.
There is a stone staircase leading down here.
You can't drink.
Unknown command.
Casting: Magic Dart
Confirm with . or Enter, or press ? or * to list all spells.
Okay, then.
Casting: Magic Dart
Confirm with . or Enter, or press ? or * to list all spells.
Aiming: Magic Dart
Press: ? - help, Shift-Dir - straight line, f - adder
Aim: an adder (severely wounded)
The magic dart hits the adder.
The adder is almost dead.
* * * LOW MAGIC WARNING * * *
The adder bites you.
You die...

...#####...........#####
......##...............#
⌠......#........!..###.#
...⌠...####.##..#### #.#
........#...#......# #.#
....⌠...#.####...#.###.#
.≈........# #...#.#...#
....⌠...#.# ###S#.##.##
........#.######@#....#
...⌠...##(.........####
⌠......#########'#+##
......###...........#
...#####............#
#### #.....††.....#
#............#
#........(...#
#............#


You could see an adder.

Vanquished Creatures
  An ooze (D:2)
  A dart slug (D:1)
  A giant cockroach (D:1)
  3 goblins (D:1)
  2 hobgoblins (D:1)
  5 bats
  A frilled lizard (D:1)
  7 kobolds (D:1)
  3 rats (D:1)
24 creatures vanquished.

Notes
Turn   | Place    | Note
-------+----------+-------------------------------------------
     0 | D:1      | Monsterracer the Mummy Wizard began the quest for the Orb.
     0 | D:1      | Reached XP level 1. HP: 13/13 MP: 5/5
    84 | D:1      | Reached skill level 1 in Conjurations
   402 | D:1      | HP: 3/13 [kobold/club (5)]
   410 | D:1      | Reached XP level 2. HP: 4/19 MP: 0/7
   412 | D:1      | HP: 4/19 [bat (1)]
   695 | D:1      | Learned a level 2 spell: Call Imp
   723 | D:1      | Learned a level 2 spell: Blink
  1269 | D:2      | Reached XP level 3. HP: 20/24 MP: 0/8
  1274 | D:2      | Learned a level 3 spell: Conjure Flame
  1288 | D:2      | HP: 12/24 [adder (1)]
  1297 | D:2      | HP: 5/24 [adder (3)]
  1298 | D:2      | HP: 1/24 [adder (4)]
  1304 | D:1      | Slain by an adder

Skill      XL: |  1  2 |
---------------+-------+-----
Conjurations   | 1 2 |  2.5
Dodging        | |  1.5
Stealth        | |  1.5
Spellcasting   | |  4.0
Summonings     | |  0.7
Translocations | |  0.7

Action                   || total
-------------------------++-------
Melee: Unarmed           ||    36
       Dagger            ||    20
       Club              ||     4
 Cast: Magic Dart        ||    54
 Stab: Sleeping          ||     1
Armor: Robe              ||    26
Dodge: Dodged            ||    63
